TOP OF THE 1ST |
Auburn Doubledays batting - Pitching for Rome Braves : RHP Marvin Rosas
|
Pitching: RHP Marvin Rosas
|
|
Batting: LHB Mike Condon
|
0-0: Ball 1-0: Ball 2-0: Ground out U3 (Groundball, 3, EV 88.8 MPH)
|
Batting: RHB Ryan Hiemer
|
0-0: Ball 1-0: Called Strike 1-1: Ball 2-1: Called Strike 2-2: DOUBLE (Line Drive, 78D, EV 109.4 MPH)
|
Batting: SHB Gabe Fraunfelder
|
0-0: Called Strike 0-1: Foul Ball, location: 2F 0-2: Foul Ball, location: 2F 0-2: Strikes out swinging
|
Batting: LHB Elias Posada
|
0-0: Swinging Strike 0-1: Ball 1-1: Swinging Strike 1-2: Foul Ball, location: 2F 1-2: Strikes out swinging
|
Top of the 1st over - 0 runs, 1 hit, 0 errors, 1 left on base; Auburn 0 - Rome 0 |
BOTTOM OF THE 1ST |
Rome Braves batting - Pitching for Auburn Doubledays : RHP Chris Bonham
|
Pitching: RHP Chris Bonham
|
|
Batting: RHB Alex Velasquez
|
0-0: Ball 1-0: Called Strike 1-1: Hit by Pitch
|
Batting: RHB Brandon Burrell
|
0-0: Ball Alex Velasquez steals 2nd base (no throw) 1-0: Foul Ball, location: 2F 1-1: Swinging Strike 1-2: Strikes out swinging
|
Batting: RHB Ike Trout
|
0-0: Ball 1-0: Called Strike 1-1: Ball 2-1: Foul Ball, location: 2F 2-2: Strikes out swinging
|
Batting: RHB Jose Ramos
|
0-0: Ball 1-0: Fly out, F9 (Flyball, 89S, EV 77.5 MPH)
|
Bottom of the 1st over - 0 runs, 0 hits, 0 errors, 1 left on base; Auburn 0 - Rome 0 |
TOP OF THE 2ND |
Auburn Doubledays batting - Pitching for Rome Braves : RHP Marvin Rosas
|
Batting: RHB Joe Klein
|
0-0: Foul Ball, location: 2F 0-1: Ball 1-1: Foul Ball, location: 2F 1-2: Ball 2-2: SINGLE (Groundball, 6M, EV 109.4 MPH) (infield hit)
|
Batting: RHB Bryan Ernst
|
0-0: Ball 1-0: Ball Wild Pitch! Joe Klein to second 2-0: Ball 3-0: DOUBLE (Line Drive, 9LS, EV 88.8 MPH) Joe Klein scores
|
Batting: RHB Isaiah Seme
|
0-0: Called Strike 0-1: Foul Ball, location: 2F 0-2: Strikes out swinging
|
Batting: RHB Jon Hill
|
0-0: Called Strike 0-1: Swinging Strike 0-2: Strikes out swinging
|
Batting: RHB David Rojas
|
0-0: Ball 1-0: Ground out 4-3 (Groundball, 4M, EV 86.3 MPH)
|
Top of the 2nd over - 1 run, 2 hits, 0 errors, 1 left on base; Auburn 1 - Rome 0 |
BOTTOM OF THE 2ND |
Rome Braves batting - Pitching for Auburn Doubledays : RHP Chris Bonham
|
Batting: LHB Javier Rubio
|
0-0: Ball 1-0: Called Strike 1-1: Ball 2-1: Foul Ball, location: 2F 2-2: Foul Ball, location: 2F 2-2: Ball 3-2: Base on Balls
|
Batting: RHB Tim Molchan
|
0-0: Ball Javier Rubio steals 2nd base 1-0: Swinging Strike 1-1: Ball 2-1: Foul Ball, location: 2F 2-2: Ball Wild Pitch! Javier Rubio to third 3-2: SINGLE (Groundball, 6S, EV 67.5 MPH) (infield hit) Javier Rubio scores
|
Batting: LHB Joe Phillips
|
0-0: Swinging Strike 0-1: Ball 1-1: Called Strike 1-2: Strikes out swinging
|
Batting: RHB Peter Wheeler
|
0-0: Called Strike 0-1: Ball 1-1: Ball 2-1: Ball 3-1: Base on Balls Tim Molchan to second
|
Batting: LHB Malik Boulay
|
0-0: Ball 1-0: Fly out, F8 (Flyball, 89S, EV 80.0 MPH)
|
Batting: RHB Alex Velasquez
|
0-0: Ball 1-0: Foul Ball, location: 2F 1-1: Fielders Choice at 2nd, 6-4 (Groundball, 6, EV 84.4 MPH)
|
Bottom of the 2nd over - 1 run, 1 hit, 0 errors, 2 left on base; Auburn 1 - Rome 1 |
TOP OF THE 3RD |
Auburn Doubledays batting - Pitching for Rome Braves : RHP Marvin Rosas
|
Batting: LHB Mike Condon
|
0-0: Ball 1-0: DOUBLE (Flyball, 78D, EV 105.0 MPH)
|
Batting: RHB Ryan Hiemer
|
0-0: SINGLE (Line Drive, 89S, EV 103.1 MPH) Mike Condon to third
|
Batting: SHB Gabe Fraunfelder
|
0-0: Ball 1-0: Called Strike 1-1: Grounds out, U3 (Groundball, 3L, EV 86.3 MPH) Mike Condon scores
|
Batting: LHB Elias Posada
|
0-0: TRIPLE (Flyball, 89XD, EV 93.8 MPH) Ryan Hiemer scores
|
Batting: RHB Joe Klein
|
0-0: Called Strike 0-1: Foul Ball, location: 2F 0-2: Strikes out swinging
|
Batting: RHB Bryan Ernst
|
0-0: Ball 1-0: Swinging Strike 1-1: Fly out, F9 (Line Drive, 9, EV 88.8 MPH)
|
Top of the 3rd over - 2 runs, 3 hits, 0 errors, 1 left on base; Auburn 3 - Rome 1 |
BOTTOM OF THE 3RD |
Rome Braves batting - Pitching for Auburn Doubledays : RHP Chris Bonham
|
Batting: RHB Brandon Burrell
|
0-0: SINGLE (Groundball, 4D, EV 108.8 MPH)
|
Batting: RHB Ike Trout
|
0-0: Called Strike 0-1: Foul Ball, location: 2F 0-2: Ball 1-2: Strikes out swinging
|
Batting: RHB Jose Ramos
|
0-0: Ball 1-0: Ball 2-0: Called Strike 2-1: Foul Ball, location: 2F 2-2: SINGLE (Line Drive, 9LS, EV 88.8 MPH) Brandon Burrell to second Runner from 2nd tries for 3rd, OUT! 9-5
|
Batting: LHB Javier Rubio
|
0-0: Ball 1-0: Fielders Choice at 2nd, 6-4 (Groundball, 6, EV 108.1 MPH)
|
Bottom of the 3rd over - 0 runs, 2 hits, 0 errors, 1 left on base; Auburn 3 - Rome 1 |
TOP OF THE 4TH |
Auburn Doubledays batting - Pitching for Rome Braves : RHP Marvin Rosas
|
Batting: RHB Isaiah Seme
|
0-0: Ground out 6-3 (Groundball, 56D, EV 108.1 MPH)
|
Batting: RHB Jon Hill
|
0-0: SOLO HOME RUN (Flyball, 9D, EV 97.5 MPH), Distance : 377 ft
|
Batting: RHB David Rojas
|
0-0: Ball 1-0: Ball 2-0: Fly out, F8 (Line Drive, 8RM, EV 92.5 MPH)
|
Batting: LHB Mike Condon
|
0-0: Ball 1-0: Ball 2-0: Foul Ball, location: 2F 2-1: Ground out 5-3 (Groundball, 56S, EV 86.3 MPH)
|
Top of the 4th over - 1 run, 1 hit, 0 errors, 0 left on base; Auburn 4 - Rome 1 |
BOTTOM OF THE 4TH |
Rome Braves batting - Pitching for Auburn Doubledays : RHP Chris Bonham
|
Batting: RHB Tim Molchan
|
0-0: Called Strike 0-1: Ball 1-1: Swinging Strike 1-2: Fly out, F7 (Flyball, 78S, EV 86.9 MPH)
|
Batting: LHB Joe Phillips
|
0-0: Called Strike 0-1: Called Strike 0-2: Ball 1-2: Ball 2-2: Ball 3-2: Foul Ball, location: 2F 3-2: Strikes out swinging
|
Batting: RHB Peter Wheeler
|
0-0: SINGLE (Groundball, 6D, EV 107.5 MPH)
|
Batting: LHB Malik Boulay
|
0-0: Foul Ball, location: 2F 0-1: Ball 1-1: Foul Ball, location: 2F 1-2: Strikes out swinging
|
Bottom of the 4th over - 0 runs, 1 hit, 0 errors, 1 left on base; Auburn 4 - Rome 1 |
TOP OF THE 5TH |
Auburn Doubledays batting - Pitching for Rome Braves : RHP Marvin Rosas
|
Batting: RHB Ryan Hiemer
|
0-0: Ball 1-0: Called Strike 1-1: Ground out 6-3 (Groundball, 6, EV 93.1 MPH)
|
Batting: SHB Gabe Fraunfelder
|
0-0: Ball 1-0: Ball 2-0: Called Strike 2-1: Foul Ball, location: 2F 2-2: Strikes out swinging
|
Batting: LHB Elias Posada
|
0-0: Called Strike 0-1: Swinging Strike 0-2: Foul Ball, location: 2F 0-2: Strikes out looking
|
Top of the 5th over - 0 runs, 0 hits, 0 errors, 0 left on base; Auburn 4 - Rome 1 |
BOTTOM OF THE 5TH |
Rome Braves batting - Pitching for Auburn Doubledays : RHP Chris Bonham
|
Batting: RHB Alex Velasquez
|
0-0: Ball 1-0: Ball 2-0: Ball 3-0: Base on Balls
|
Batting: RHB Brandon Burrell
|
0-0: Called Strike 0-1: Called Strike 0-2: Foul Ball, location: 2F 0-2: Foul Ball, location: 2F 0-2: Fielders Choice at 2nd, 5-4 (Groundball, 56, EV 93.8 MPH)
|
Batting: RHB Ike Trout
|
0-0: Foul Ball, location: 2F 0-1: Foul Ball, location: 2F 0-2: Ball 1-2: Foul Ball, location: 2F 1-2: Foul Ball, location: 2F 1-2: Foul Ball, location: 2F 1-2: SINGLE (Groundball, 6D, EV 95.6 MPH) Brandon Burrell to second
|
Batting: RHB Jose Ramos
|
0-0: Ball 1-0: Foul Ball, location: 2F 1-1: 3-RUN HOME RUN (Flyball, 89XD, EV 96.3 MPH), Distance : 386 ft
|
Batting: LHB Javier Rubio
|
0-0: Ball 1-0: Called Strike 1-1: Called Strike 1-2: Foul Ball, location: 2F 1-2: Ground out 6-3 (Groundball, 6M, EV 97.5 MPH)
|
Batting: RHB Tim Molchan
|
0-0: Ball 1-0: Called Strike 1-1: Hit by Pitch
|
Batting: LHB Joe Phillips
|
0-0: Called Strike 0-1: Called Strike 0-2: Strikes out looking
|
Bottom of the 5th over - 3 runs, 2 hits, 0 errors, 1 left on base; Auburn 4 - Rome 4 |
TOP OF THE 6TH |
Auburn Doubledays batting - Pitching for Rome Braves : RHP Marvin Rosas
|
Batting: RHB Joe Klein
|
0-0: Called Strike 0-1: Ball 1-1: Swinging Strike 1-2: Strikes out looking
|
Batting: RHB Bryan Ernst
|
0-0: Ground out 5-3 (Groundball, 56, EV 81.9 MPH)
|
Batting: RHB Isaiah Seme
|
0-0: Ball 1-0: Ball 2-0: Called Strike 2-1: Ball 3-1: Ground out 4-3 (Groundball, 4, EV 86.3 MPH)
|
Top of the 6th over - 0 runs, 0 hits, 0 errors, 0 left on base; Auburn 4 - Rome 4 |
BOTTOM OF THE 6TH |
Rome Braves batting - Pitching for Auburn Doubledays : RHP Chris Bonham
|
Pitching: LHP Ruben de Leon
|
|
Batting: RHB Peter Wheeler
|
0-0: Foul Ball, location: 2F 0-1: Ball 1-1: Called Strike 1-2: Ball 2-2: Ball 3-2: Foul Ball, location: 2F 3-2: Foul Ball, location: 2F 3-2: Base on Balls
|
Batting: LHB Malik Boulay
|
0-0: Called Strike 0-1: Ball 1-1: Ball 2-1: Ball 3-1: SINGLE (Flyball, 56D, EV 96.3 MPH) Peter Wheeler to second
|
Pitching: LHP Juan Bonet
|
|
Batting: RHB Alex Velasquez
|
0-0: Called Strike 0-1: Swinging Strike 0-2: SINGLE (Flyball, 9LS, EV 93.8 MPH) Peter Wheeler to third Malik Boulay to second
|
Batting: RHB Brandon Burrell
|
0-0: Ball 1-0: Called Strike 1-1: Swinging Strike 1-2: Ball 2-2: Reached on error, E6 (Groundball, 56, EV 88.1 MPH) Peter Wheeler scores Malik Boulay to third Alex Velasquez to second
|
Batting: RHB Ike Trout
|
0-0: SINGLE (Flyball, 89S, EV 100.6 MPH) Malik Boulay scores Alex Velasquez to third Brandon Burrell to second
|
Batting: RHB Jose Ramos
|
0-0: Called Strike 0-1: Ball 1-1: Fly out, F4 (Popup, 4, EV 56.9 MPH)
|
Batting: LHB Javier Rubio
|
0-0: Called Strike 0-1: Ball 1-1: Fly out, F7 (Line Drive, 7, EV 100.6 MPH)
|
Batting: RHB Tim Molchan
|
0-0: Called Strike 0-1: Ball 1-1: Swinging Strike 1-2: Ball 2-2: Foul Ball, location: 2F 2-2: Ball 3-2: SINGLE (Flyball, 89S, EV 93.1 MPH) Alex Velasquez scores Brandon Burrell to third Ike Trout to second Brandon Burrell scores Ike Trout to third
|
Batting: LHB Joe Phillips
|
0-0: Called Strike 0-1: Ball 1-1: DOUBLE (Line Drive, 7LD, EV 105.6 MPH) Ike Trout scores Tim Molchan to third
|
Batting: RHB Peter Wheeler
|
0-0: Called Strike 0-1: Ball 1-1: Called Strike 1-2: Strikes out swinging
|
Bottom of the 6th over - 5 runs, 5 hits, 1 error, 2 left on base; Auburn 4 - Rome 9 |
TOP OF THE 7TH |
Auburn Doubledays batting - Pitching for Rome Braves : RHP Marvin Rosas
|
Batting: RHB Jon Hill
|
0-0: Reached on error, E6 (Groundball, 6D, EV 99.4 MPH)
|
Batting: RHB David Rojas
|
0-0: Called Strike 0-1: Grounds into double play, 6-4-3 (Groundball, 6, EV 87.5 MPH)
|
Batting: LHB Mike Condon
|
0-0: Called Strike 0-1: Foul Ball, location: 2F 0-2: Ground out 4-3 (Groundball, 4, EV 101.3 MPH)
|
Top of the 7th over - 0 runs, 0 hits, 1 error, 0 left on base; Auburn 4 - Rome 9 |
BOTTOM OF THE 7TH |
Rome Braves batting - Pitching for Auburn Doubledays : LHP Juan Bonet
|
Batting: LHB Malik Boulay
|
0-0: Ball 1-0: Called Strike 1-1: Ball 2-1: Swinging Strike 2-2: SINGLE (Line Drive, 89S, EV 92.5 MPH)
|
Pitching: LHP Manny Aguilera
|
|
Batting: RHB Alex Velasquez
|
0-0: Called Strike 0-1: Swinging Strike 0-2: Ball 1-2: Ball Malik Boulay is caught stealing 2nd base 2-4 2-2: Ball 3-2: Fly out, F9 (Flyball, 9, EV 83.8 MPH)
|
Batting: RHB Brandon Burrell
|
0-0: Swinging Strike 0-1: Ball 1-1: Ball 2-1: SINGLE (Groundball, 4MD, EV 99.4 MPH)
|
Batting: RHB Ike Trout
|
0-0: Foul Ball, location: 2F 0-1: Foul Ball, location: 2F 0-2: Ball 1-2: Foul Ball, location: 2F 1-2: Fly out, F9 (Line Drive, 9, EV 105.0 MPH)
|
Bottom of the 7th over - 0 runs, 2 hits, 0 errors, 1 left on base; Auburn 4 - Rome 9 |
TOP OF THE 8TH |
Auburn Doubledays batting - Pitching for Rome Braves : RHP Marvin Rosas
|
Batting: RHB Ryan Hiemer
|
0-0: Ball 1-0: SINGLE (Groundball, 25, EV 61.3 MPH) (infield hit)
|
Batting: SHB Gabe Fraunfelder
|
0-0: Ball Wild Pitch! Ryan Hiemer to second 1-0: Foul Ball, location: 2F 1-1: Ball Wild Pitch! Ryan Hiemer to third 2-1: Foul Ball, location: 2F 2-2: Ball 3-2: Foul Ball, location: 2F 3-2: SINGLE (Groundball, 25, EV 72.5 MPH) (infield hit)
|
Batting: LHB Elias Posada
|
0-0: Ball 1-0: Foul Ball, location: 2F 1-1: Ball 2-1: Foul Ball, location: 2F 2-2: Foul Ball, location: 2F 2-2: Ball 3-2: Fly out, F8 (Flyball, 8RM, EV 76.3 MPH) Runner from 3rd tags up, OUT at HOME! 8-2 Gabe Fraunfelder to second
|
Batting: RHB Joe Klein
|
0-0: Foul Ball, location: 2F 0-1: Ground out 6-3 (Groundball, 4M, EV 100.0 MPH)
|
Top of the 8th over - 0 runs, 2 hits, 0 errors, 1 left on base; Auburn 4 - Rome 9 |
BOTTOM OF THE 8TH |
Rome Braves batting - Pitching for Auburn Doubledays : LHP Manny Aguilera
|
Batting: RHB Jose Ramos
|
0-0: Called Strike 0-1: Ball 1-1: Swinging Strike 1-2: Ball 2-2: Ball 3-2: Base on Balls
|
Batting: LHB Javier Rubio
|
0-0: Swinging Strike 0-1: Ball 1-1: Ball Jose Ramos steals 2nd base 2-1: Fly out, F9 (Flyball, 9LS, EV 90.0 MPH)
|
Batting: RHB Tim Molchan
|
0-0: Swinging Strike 0-1: Foul Ball, location: 2F 0-2: Single, Error in OF, E8, batter to second base (Groundball, 6MD, EV 102.5 MPH) Jose Ramos scores
|
Batting: LHB Joe Phillips
|
0-0: Ball 1-0: Called Strike 1-1: Foul Ball, location: 2F 1-2: Foul Ball, location: 2F 1-2: Ground out 4-3 (Groundball, 4, EV 82.5 MPH) Tim Molchan to third
|
Batting: RHB Peter Wheeler
|
0-0: Ball 1-0: SINGLE (Groundball, 56D, EV 103.1 MPH) Tim Molchan scores
|
Batting: LHB Malik Boulay
|
0-0: Ball 1-0: Reached on error, E5 (Groundball, 5, EV 108.1 MPH) Peter Wheeler to second
|
Batting: RHB Alex Velasquez
|
0-0: Fly out, F7 (Line Drive, 7LM, EV 103.8 MPH)
|
Bottom of the 8th over - 2 runs, 2 hits, 2 errors, 2 left on base; Auburn 4 - Rome 11 |
TOP OF THE 9TH |
Auburn Doubledays batting - Pitching for Rome Braves : RHP Marvin Rosas
|
Batting: RHB Bryan Ernst
|
0-0: Swinging Strike 0-1: SINGLE (Flyball, 89S, EV 98.8 MPH)
|
Pinch Hitting: RHB Slavik Nebrodov
|
0-0: Fly out, F7 (Flyball, 78XD, EV 100.6 MPH)
|
Batting: RHB Jon Hill
|
0-0: Hit by Pitch Bryan Ernst to second
|
Batting: RHB David Rojas
|
0-0: Ball 1-0: Ball 2-0: Ball 3-0: Base on Balls Bryan Ernst to third Jon Hill to second
|
Batting: LHB Mike Condon
|
0-0: Ball 1-0: Foul Ball, location: 2F 1-1: SINGLE (Groundball, 4MD, EV 94.4 MPH) Bryan Ernst scores Jon Hill to third David Rojas to second
|
Batting: RHB Ryan Hiemer
|
0-0: Called Strike 0-1: Ball 1-1: Called Strike 1-2: Ball 2-2: Strikes out swinging
|
Batting: SHB Gabe Fraunfelder
|
0-0: Called Strike 0-1: Ball Passed Ball! Jon Hill scores David Rojas to third Mike Condon to second 1-1: Fly out, F8 (Line Drive, 8LM, EV 91.3 MPH)
|
Top of the 9th over - 2 runs, 2 hits, 0 errors, 2 left on base; Auburn 6 - Rome 11 |
|